 Dungeon Crawl Stone Soup version 0.28.0-1-gb440e238dd (webtiles) character file.

Game seed: 8305588142157720570

56 Hasart the Shield-Bearer (level 3, -5/34 HPs)
             Began as a Deep Dwarf Fighter on Feb 19, 2022.
             Killed by nerve-wracking pain
             ... invoked by Jessica
              (7 damage)
             ... on level 3 of the Dungeon.
             The game lasted 00:01:49 (1756 turns).

Hasart the Shield-Bearer (Deep Dwarf Fighter)       Turns: 1756, Time: 00:01:49

Health: -5/34      AC:  8    Str: 21    XL:     3   Next: 71%
Magic:  3/3        EV:  9    Int:  8    God:
Gold:   66         SH:  4    Dex: 12    Spells: 2/2 levels left

rFire   . . .      SeeInvis .   a - +0 war axe
rCold   . . .      Faith    .   c - +0 buckler
rNeg    . . .      Spirit   .   b - +0 scale mail
rPois   .          Reflect  .   (no helmet)
rElec   .          Harm     .   (no cloak)
rCorr   .          Rampage  .   (no gloves)
Will    .....                   i - +0 pair of boots
Stlth   ..........              (no amulet)
HPRegen 0.00/turn               (no ring)
MPRegen 0.08/turn               (no ring)

@: no status effects
A: damage resistance, heal wounds, sense surroundings 1, no regeneration
a: Heal Wounds


You were on level 3 of the Dungeon.
You visited 1 branch of the dungeon, and saw 3 of its levels.

You collected 66 gold pieces.

Inventory:

Hand Weapons
 a - a +0 war axe (weapon)
Armour
 b - a +0 scale mail (worn)
 c - a +0 buckler (worn)
 i - a +0 pair of boots (worn)
Jewellery
 j - an amulet of faith
Scrolls
 f - a scroll of magic mapping {unknown}
 h - 2 scrolls of vulnerability {unknown}
 k - a scroll of noise {unknown}
Potions
 d - a potion of might
 e - 2 potions of curing {unknown}
 g - a potion of ambrosia {unknown}
 l - a potion of brilliance {unknown}
 m - a potion of resistance {unknown}
 n - a potion of heal wounds


   Skills:
 + Level 3.0 Fighting
 * Level 3.1 Axes
 + Level 3.6 Armour
 + Level 1.2 Dodging
 + Level 3.7 Shields


You had 2 spell levels left.
You didn't know any spells.
Your spell library contained the following spells:

 Spells                   Type           Power      Damage    Failure   Level
 Sting                    Tmut/Pois      0%         1d3       83%         1
 Poisonous Vapours        Pois/Air       0%         N/A       93%         2
 Confusing Touch          Hex            0%         N/A       99%         3
 Olgreb's Toxic Radiance  Pois           0%         N/A       100%        4
 Yara's Violent Unravell  Hex/Tmut       0%         3d3       100%        5
 Enfeeble                 Hex            0%         N/A       100%        7


Dungeon Overview and Level Annotations

Branches:
Dungeon (3/15)

Altars:
Ru

Annotations:
D:3 Jessica


Innate Abilities, Weirdness & Mutations

You are resistant to damage.
You can heal yourself by infusing magical energy.
You passively map a small area around you.
You do not regenerate.


Message History

You hit the jackal but do no damage.
The jackal is moderately wounded.
You hit Jessica. The jackal bites you.
Jessica mumbles some strange words.
Jessica blinks!
The jackal completely misses you.
Unknown command.
The jackal barely misses you.
You see here a jackal corpse.
Unknown command.
You slash the jackal!
You kill the jackal!
You hit Jessica.
Jessica is almost dead.
Jessica hits you with a +0 club.
Jessica mumbles some strange words.
Jessica blinks!
Found a scroll labelled ZUTSYORISE.
Jessica gestures wildly while chanting.
Jessica blinks!
You are too injured to fight recklessly!
You barely miss Jessica.
Jessica is almost dead.
You block Jessica's attack. Jessica hits you but does no damage.
You barely miss Jessica.
Jessica is almost dead.
Jessica casts a spell at you. Pain shoots through your body!
* * * LOW HITPOINT WARNING * * *
Jessica barely misses you.
You closely miss Jessica.
Jessica is severely wounded.
Jessica drinks a potion.
Jessica is healed!
You block Jessica's attack.
Unknown command.
You hit Jessica but do no damage. Jessica hits you but does no damage. x2
Unknown command.
You barely miss Jessica. Jessica hits you with a +0 club.
* * * LOW HITPOINT WARNING * * *
Jessica gestures at you while chanting. Pain shoots through your body!
You die...

, , , ...? ,* , ,
*, ,,...# , * *
... ,,, #.. * **
.. ####### #.## ,
......# #.@#
#####.#### *#@##
# #....# #†.# #
#....#### ##.# #
#.......# #.## #
#.......## #..# #
#..†.....# ##.# #
##.†.###.#
##.##############
######...# #.#
#...............#
....##...# #.#
#...###########.#


You could see Jessica (fast).

Vanquished Creatures
  An adder (D:2)
  2 worms
  2 dart slugs
  3 endoplasms (D:2)
  3 giant cockroaches
  4 goblins
  4 hobgoblins
  2 jackals (D:3)
  6 kobolds
  3 ball pythons
  3 bats
  A frilled lizard (D:3)
  A rat (D:1)
35 creatures vanquished.

Notes
Turn   | Place    | Note
-------+----------+-------------------------------------------
     0 | D:1      | Hasart the Deep Dwarf Fighter began the quest for the Orb.
     0 | D:1      | Reached XP level 1. HP: 20/20 MP: 1/1
   219 | D:1      | You fall into a shaft and drop 1 floor!
   254 | D:1      | Reached XP level 2. HP: 24/27 MP: 2/2
   795 | D:2      | Reached skill level 1 in Dodging
   795 | D:2      | Reached XP level 3. HP: 8/33 MP: 3/3
  1617 | D:3      | Found a sacrificial altar of Ru.
  1741 | D:3      | Noticed Jessica
  1756 | D:3      | Killed from afar by Jessica

Illustrated notes

Levels and vault maps discovered:
D:1:      zaba_arrival_water, layout_basic
D:2:      layout_basic, minmay_unequal
D:3:      layout_basic, nicolae_overflow_crystal_walls, serial_shops, shop,
          uniq_jessica

Skill      XL: |  1  2  3 |
---------------+----------+-----
Dodging        | 1 |  1.2
Axes           | 3 |  3.1
Fighting       | 3 |  3.0
Armour         | |  3.6
Shields        | |  3.7

Action                   || total
-------------------------++-------
Melee: War axe           ||   109
 Abil: Heal Wounds       ||     1
Armor: Scale mail        ||    57
Dodge: Dodged            ||    67
Block: Buckler           ||    16
